[Event "ICCopen2016"]
[Site "Internet Chess Club"]
[Date "2016.06.04"]
[Round "7"]
[White "PolishRyszard"]
[Black "Soydemadera"]
[Result "0-1"]
[ICCResult "White forfeits on time"]
[WhiteElo "1710"]
[BlackElo "2438"]
[Opening "Trompowsky attack (Ruth, Opocenský opening)"]
[ECO "A45"]
[NIC "QP.07"]
[Time "15:10:26"]
[TimeControl "180+0"]

1. d4 Nf6 2. Bg5 Ne4 3. Bf4 g5 4. Be5 f6 5. Bg3 d5 6. Nd2 Nxd2 7. Qxd2 Bf5
8. e3 e6 9. Bd3 Bxd3 10. Qxd3 Bd6 11. Nf3 Kf7 12. O-O-O Nc6 13. c3 h5 14. e4
dxe4 15. Qxe4 Bxg3 16. hxg3 Qd5 17. Qxd5 exd5 18. Rde1 a5 19. Re3 Ne7 20.
Rhe1 Nf5 21. R3e2 Rhe8 22. Kd2 Nd6 23. Kc2 Rxe2+ 24. Rxe2 a4 25. Nd2 c6 26.
f3 g4 27. Kd3 Nf5 28. fxg4 hxg4 29. Rf2 Kg6 30. Nf1 a3 31. b3 Kg5 32. Ne3
Nxg3 33. c4 f5 34. cxd5 cxd5 35. Nxd5 Re8 36. Nf4 Re1 37. d5 Ne4 38. Rc2 Nd6
39. Kd4 Rd1+ 40. Kc5 Ne4+ {White forfeits on time} 0-1

[Event "ICCopen2016"]
[Site "Internet Chess Club"]
[Date "2016.06.04"]
[Round "7"]
[White "toktok"]
[Black "HEM"]
[Result "0-1"]
[ICCResult "White forfeits on time"]
[WhiteElo "1685"]
[BlackElo "1560"]
[Opening "Sicilian: Smith-Morra gambit"]
[ECO "B21"]
[NIC "SI.47"]
[Time "15:09:57"]
[TimeControl "180+0"]

1. e4 c5 2. d4 cxd4 3. c3 Nf6 4. e5 Nd5 5. Bc4 e6 6. cxd4 Nc6 7. Nf3 Nb6 8.
Bd3 d6 9. O-O dxe5 10. dxe5 Qc7 11. Qe2 Be7 12. Nc3 a6 13. Bf4 Nb4 14. Be4
Bd7 15. a3 Nc6 16. Rac1 h6 17. b4 g5 18. Bg3 g4 19. Nd2 h5 20. h4 gxh3 21.
gxh3 h4 22. Bh2 Rg8+ 23. Kh1 O-O-O 24. b5 Nd4 25. Qe3 Bc5 26. Qd3 Kb8 27.
bxa6 Bc6 28. Bxc6 Qxc6+ 29. Qe4 Nd5 30. Nxd5 Rxd5 31. axb7 Rgd8 32. Rb1 Nc2
{White forfeits on time}
0-1

[Event "ICCopen2016"]
[Site "Internet Chess Club"]
[Date "2016.06.04"]
[Round "7"]
[White "DARKwizard1"]
[Black "Eros"]
[Result "0-1"]
[ICCResult "White forfeits on time"]
[WhiteElo "2326"]
[BlackElo "2724"]
[Opening "King's pawn opening"]
[ECO "B07"]
[NIC "VO.17"]
[Time "15:10:10"]
[TimeControl "180+0"]

1. e4 d6 2. d4 e5 3. dxe5 dxe5 4. Qxd8+ Kxd8 5. Nf3 Bd6 6. Nc3 a6 7. Be3 Nf6
8. O-O-O Ke7 9. h3 h6 10. Bc4 Nbd7 11. Rhe1 b5 12. Bd5 Rb8 13. Ba7 Rb6 14.
Bxb6 Nxb6 15. Bb3 c6 16. Nd2 Rf8 17. Re2 a5 18. a4 b4 19. Na2 Ba6 20. Ree1
Bc5 21. f3 Nh5 22. Nf1 Bf2 23. Ne3 g6 24. Ng4 Bxe1 25. Rxe1 f6 26. Nxh6 Nf4
27. Rd1 Ne2+ 28. Kb1 Nd4 29. Nc1 c5 30. c3 Nxb3 31. Nxb3 Nxa4 32. Nxa5 Rc8
33. Kc2 c4 34. cxb4 c3 35. b3 Nb2 36. Rd5 Nd3 37. Ng8+ Rxg8 38. Nc6+ Ke6 39.
Kxc3 Rc8 40. b5 Nf4 41. Rc5 Bxb5 42. Rxb5 Rxc6+ 43. Kb4 Nd3+ 44. Ka5 Rc5 45.
b4 Rxb5+ 46. Kxb5 Kd6 47. Kc4 Nf4 48. b5 Ne6 49. g4 Nf4 50. Kb4 Kc7 51. Ka5
Kb7 52. b6 Ne6 53. Kb5 Nd4+ 54. Kc5 Ne6+ 55. Kd5 Ng5 56. Kd6 Nxf3 57. Ke7
Kxb6 58. Kxf6 Kc5 59. Kxg6 Kd4 60. Kf5 Ke3 61. g5 Ke2 62. g6 Ke3
{White forfeits on time}
0-1

[Event "ICCopen2016"]
[Site "Internet Chess Club"]
[Date "2016.06.04"]
[Round "7"]
[White "PazificDreams"]
[Black "plotkin"]
[Result "1-0"]
[ICCResult "Black forfeits on time"]
[WhiteElo "2695"]
[BlackElo "2341"]
[Opening "QGD: 4.Nf3"]
[ECO "D37"]
[NIC "QI.01"]
[Time "15:09:57"]
[TimeControl "180+0"]

1. d4 Nf6 2. Nf3 e6 3. c4 d5 4. Nc3 dxc4 5. e3 c5 6. Bxc4 Nc6 7. O-O a6 8.
a4 Be7 9. d5 exd5 10. Nxd5 Nxd5 11. Bxd5 Nb4 12. Bc4 Qxd1 13. Rxd1 O-O 14.
Bd2 Bg4 15. Rac1 Rfd8 16. h3 Bxf3 17. gxf3 Nd3 18. Rb1 Ne5 19. Be2 Bf6 20.
Ba5 Rxd1+ 21. Rxd1 Nc6 22. Bc3 Bxc3 23. bxc3 Rd8 24. Rb1 Rd7 25. f4 Kf8 26.
Bf3 Na5 27. Kf1 Ke7 28. Ke2 Kd8 29. Be4 h6 30. Rg1 f6 31. Bf5 Re7 32. Rd1+
Kc7 33. Rd5 b6 34. Bd3 c4 35. Bf5 Nc6 36. Kf3 Na5 37. Kg4 Nb3 38. Kh5 Kc6
39. Rd8 b5 40. axb5+ Kxb5 41. Rb8+ Kc5 42. Ra8 a5 43. Kg6 Kb5 44. Rb8+ Ka4
45. Bc8 Ka3 46. Ba6 Rc7 47. Rb7 Rxb7 48. Bxb7 Kb2 49. Bd5 Kxc3 50. Kxg7 Kb4
51. Kxf6 c3 52. Be4 Nc5 53. Bc2 a4 54. e4 a3 55. e5 a2 56. e6 a1=Q 57. e7
Qa8 58. Kf7 Nb7 59. f5 Nd6+ 60. Ke6 Ne8 61. f6 Qc6+ 62. Kf7 Qxf6+ 63. Kxe8
Qxf2 64. Kd8 Qe3 65. e8=Q Qxe8+ 66. Kxe8 Kc4 67. Be4 Kd4 68. Kf7 Ke3 69. Bf5
Kf4 70. Bg6 {Black forfeits on time} 1-0

[Event "ICCopen2016"]
[Site "Internet Chess Club"]
[Date "2016.06.04"]
[Round "7"]
[White "hawkstorm"]
[Black "jjn"]
[Result "0-1"]
[ICCResult "White forfeits on time"]
[WhiteElo "1576"]
[BlackElo "1819"]
[Opening "French: Rubinstein variation"]
[ECO "C10"]
[NIC "FR.07"]
[Time "15:10:33"]
[TimeControl "180+0"]

1. e4 e6 2. d4 d5 3. Nc3 dxe4 4. Nxe4 Nd7 5. Nf3 Ngf6 6. Neg5 Be7 7. Nxf7
Kxf7 8. Ng5+ Kg8 9. Nxe6 Bb4+ 10. c3 Qe8 11. Qe2 Ba5 12. a4 Nf8 13. Nxf8
Qxe2+ 14. Bxe2 Kxf8 15. b4 Bb6 16. a5 Bxd4 17. cxd4 Bf5 18. Bf4 Re8 19. Be3
Nd5 20. Rb1 Bxb1 21. O-O Nxe3 22. fxe3+ Ke7 23. Rxb1 Rhf8 24. Bf3 c6 25. b5
Kd6 26. bxc6 bxc6 27. Rc1 Rxf3 28. gxf3 Rxe3 29. Kf2 Ra3 30. Rc5 Ra2+ 31.
Kg3 Ra4 32. Rg5 g6 33. Rg4 Rxa5 34. h4 Rd5 35. Kf2 a5 36. Ke3 a4 37. Rg1 a3
38. Ra1 Ra5 39. Ke4 a2 40. f4 Ke6 41. Kd3 Kf5 42. Ke3 Ra3+ 43. Kf2 Kxf4 44.
Kg2 Ke4 45. Kf2 Kxd4 46. Rd1+ Kc5 47. Ra1 Kb5 48. Ke2 c5 49. Kf2 c4 50. Ke2
Rh3 51. Kf2 Rh2+ 52. Kg3 Rb2 53. h5 c3 {White forfeits on time} 0-1

[Event "ICCopen2016"]
[Site "Internet Chess Club"]
[Date "2016.06.04"]
[Round "7"]
[White "mrneale"]
[Black "Oblique"]
[Result "0-1"]
[ICCResult "White forfeits on time"]
[WhiteElo "1224"]
[BlackElo "1743"]
[Opening "Blackmar gambit"]
[ECO "B01"]
[NIC "VO.17"]
[Time "15:10:20"]
[TimeControl "180+0"]

1. e4 d5 2. d4 dxe4 3. Nc3 Nf6 4. Bg5 Bf5 5. Nge2 e6 6. Ng3 Be7 7. Nxf5 exf5
8. Bc4 h6 9. Bxf6 Bxf6 10. Ne2 Nc6 11. c3 Qd6 12. O-O g5 13. Qb3 Na5 14.
Qa4+ Nc6 15. d5 Be5 16. h3 O-O 17. dxc6 bxc6 18. Rfd1 Qf6 19. Nd4 Bd6 20.
Nxc6 Kh8 21. Nxa7 Qe5 22. Bd5 Qh2+ 23. Kf1 Qh1+ 24. Ke2 Qxg2 25. Bxa8 Qf3+
26. Kf1 Bc5 27. Qc2 e3 28. Qe2 Qh1+ 29. Bxh1 f4 30. fxe3 fxe3 31. Nc6 f5 32.
Rd7 f4 33. Qd3 e2+ 34. Qxe2 f3 {White forfeits on time} 0-1

[Event "ICCopen2016"]
[Site "Internet Chess Club"]
[Date "2016.06.04"]
[Round "7"]
[White "Volkov"]
[Black "khekhm"]
[Result "0-1"]
[ICCResult "White checkmated"]
[WhiteElo "2844"]
[BlackElo "2608"]
[Opening "Grünfeld: Russian, Prins variation"]
[ECO "D97"]
[NIC "GI.10"]
[Time "15:10:01"]
[TimeControl "180+0"]

1. d4 Nf6 2. c4 g6 3. Nc3 d5 4. Nf3 Bg7 5. Qb3 dxc4 6. Qxc4 O-O 7. e4 Na6 8.
Be2 c5 9. d5 e6 10. O-O exd5 11. exd5 Re8 12. Rd1 b6 13. a3 Nb8 14. Qh4 Ba6
15. Bxa6 Nxa6 16. Bg5 Qd6 17. Nb5 Qd7 18. Bxf6 Qxb5 19. d6 Qd7 20. Be7 Nb8
21. Ng5 h6 22. Ne4 g5 23. Qh5 Qf5 24. Ng3 Qe6 25. Re1 Qg6 26. Qf3 Nd7 27.
Qc6 Ne5 28. Rxe5 Bxe5 29. d7 Qxc6 30. dxe8=Q+ Rxe8 31. Nf5 Qg6 32. g4 h5 33.
Re1 hxg4 34. Rxe5 f6 35. Rd5 Kh7 36. b4 Qf7 37. Rd7 Qe6 38. Rxa7 Qxf5 39.
bxc5 Qe4 40. Bxf6+ Kg6 41. Bc3 Rd8 42. Rg7+ Kh5 43. Rh7+ Qxh7 44. Bd2 Rxd2
45. h3 Qb1+ 46. Kh2 Qe4 47. hxg4+ Qxg4 48. cxb6 Rxf2+ 49. Kh1 Qh3+ 50. Kg1
Qg2# {White checkmated} 0-1

[Event "ICCopen2016"]
[Site "Internet Chess Club"]
[Date "2016.06.04"]
[Round "7"]
[White "Kjaan1974"]
[Black "blackending"]
[Result "0-1"]
[ICCResult "White forfeits on time"]
[WhiteElo "1386"]
[BlackElo "1692"]
[Opening "Sicilian"]
[ECO "B50"]
[NIC "SI.01"]
[Time "15:10:17"]
[TimeControl "180+0"]

1. e4 c5 2. Nf3 d6 3. Be2 e6 4. c3 Nf6 5. d3 g6 6. h3 Bg7 7. Be3 O-O 8. Nbd2
a6 9. g4 Nc6 10. Qc2 Qc7 11. O-O-O Bd7 12. Nh2 Rac8 13. f4 b5 14. f5 exf5
15. gxf5 gxf5 16. exf5 Bxf5 17. Rdf1 Bg6 18. Bg5 Nd5 19. Bf3 Nb6 20. Ng4 Ne5
21. Nxe5 dxe5 22. h4 c4 23. Ne4 cxd3 24. Qxd3 b4 25. h5 Bxe4 26. Bxe4 bxc3
27. Bxh7+ Kh8 28. b3 e4 29. Bxe4 Qe5 30. Bf4 Qd4 31. Qxd4 Bxd4 32. Bh6 Bg7
33. Bxg7+ Kxg7 34. h6+ Kh8 35. h7 Nd7 36. Rhg1 Rcd8 37. Bc2 Nc5 38. Rd1
Rxd1+ 39. Rxd1 f5 40. Rd5 Ne4 41. Bxe4 fxe4 42. Kc2 Kxh7 43. Kxc3 Re8 44.
Kd2 Re6 45. Ke3 Kg6 46. Rd4 Kf5 47. Rd5+ Re5 48. Rd6 Rc5 49. Rd2 Rc3+ 50.
Ke2 Rc1 51. a4 Kf4 52. b4 Re1+ {White forfeits on time} 0-1

[Event "ICCopen2016"]
[Site "Internet Chess Club"]
[Date "2016.06.04"]
[Round "7"]
[White "Red-white"]
[Black "Darnoc"]
[Result "0-1"]
[ICCResult "White resigns"]
[WhiteElo "3037"]
[BlackElo "2926"]
[Opening "French: Tarrasch, open variation"]
[ECO "C07"]
[NIC "FR.19"]
[Time "15:10:17"]
[TimeControl "180+0"]

1. e4 e6 2. d4 d5 3. Nd2 c5 4. exd5 Qxd5 5. Ngf3 cxd4 6. Bc4 Qd6 7. O-O Nf6
8. Nb3 Nc6 9. Nbxd4 Nxd4 10. Nxd4 a6 11. Re1 Qc7 12. Bf1 Bd6 13. Nf5 Bxh2+
14. Kh1 O-O 15. Nxg7 Rd8 16. Qf3 Kxg7 17. g3 Bxg3 18. fxg3 b5 19. Bg2 Rd5
20. Bh6+ Kg6 21. Rf1 Qe5 22. Bf4 Qh5+ 23. Kg1 Ra7 24. Qxh5+ Rxh5 25. Bf3 Rf5
26. Be3 Rd7 27. g4 Re5 28. Kf2 Bb7 29. Rh1 Bxf3 30. Kxf3 Ng8 31. Rad1 Red5
32. Rxd5 Rxd5 33. a4 f5 34. axb5 fxg4+ 35. Kxg4 axb5 36. Rc1 Nf6+ 37. Kf3
Rf5+ 38. Ke2 Nd5 39. Bd2 h5 40. c4 bxc4 41. Rxc4 Re5+ 42. Kd3 Nb6 43. Re4
Rd5+ 44. Ke2 e5 45. b4 Nc8 46. Rc4 Nd6 47. Rc6 Kf5 48. Be3 h4 49. Bc5 Ne4
50. Rh6 Kg5 51. Be3+ Kg4 52. Rh8 Ng3+ 53. Kf2 Rb5 54. Rg8+ Kf5 55. Rf8+ Ke4
56. Rh8 Nf5 57. Bc5 Rb7 58. Rh5 Rf7 59. Kg2 Rg7+ 60. Kh3 Rg3+ 61. Kh2 Rb3
62. Rh8 Kf4 63. Bf2 Rb2 64. Kg1 Kf3 {White resigns} 0-1

[Event "ICCopen2016"]
[Site "Internet Chess Club"]
[Date "2016.06.04"]
[Round "7"]
[White "Kakarotto"]
[Black "Werewolf"]
[Result "0-1"]
[ICCResult "White forfeits on time"]
[WhiteElo "2615"]
[BlackElo "2225"]
[Opening "QGA: 3.e4"]
[ECO "D20"]
[NIC "QG.04"]
[Time "15:09:59"]
[TimeControl "180+0"]

1. d4 d5 2. c4 dxc4 3. e4 e5 4. Nf3 exd4 5. Bxc4 Nc6 6. O-O Be6 7. Nbd2 Bxc4
8. Nxc4 Bc5 9. a3 a5 10. Qb3 b6 11. Bg5 Nge7 12. Rad1 O-O 13. Qc2 h6 14. Bh4
Qe8 15. e5 Ng6 16. Bg3 Rd8 17. h4 Qe6 18. h5 Nge7 19. Rfe1 Nf5 20. Bh2 Rfe8
21. Re4 d3 22. Rxd3 Rxd3 23. Qxd3 Rd8 24. Qe2 Ncd4 25. Nxd4 Nxd4 26. Qf1 Nb3
27. Bg3 Qd5 28. Rg4 a4 29. Ne3 Qe6 30. Qe2 Rd2 31. Qf3 Bxe3 32. fxe3 Rxb2
33. Qa8+ Kh7 34. Qe4+ Kh8 35. Rf4 Rd2 36. Qf3 Rd7 37. Qa8+ Kh7 38. Qe4+ f5
39. Qxa4 Nc5 40. Qc2 Ne4 41. Bh4 c5 42. a4 c4 43. Qc1 c3 44. Be1 Rd3 45. a5
bxa5 46. Qc2 Rd5 47. Kh2 Rxe5 48. Qd3 Rd5 49. Qc4 Nd2 50. Qe2 Ne4 51. Qc4
Qd7 52. Qa6 Rd6 53. Qf1 Rc6 54. Rxf5 c2 55. Rf7 Qg4 56. Rxg7+ Qxg7 57. Qf5+
Rg6 58. Qxe4 c1=Q 59. Bg3 Qc6 60. hxg6+ Qcxg6 61. Qf4 Qg5 62. Qb8 Qh5+ 63.
Kg1 Qd1+ 64. Kh2 Qh5+ 65. Kg1 Qhg6 66. Kh2 h5 67. Qf4 Qg5 68. Qe4+ Q5g6 69.
Qf4 h4 70. Qxh4+ Q6h6 71. Qxh6+ Qxh6+ 72. Kg1 Qa6 73. Bf2 a4
{White forfeits on time}
0-1

[Event "ICCopen2016"]
[Site "Internet Chess Club"]
[Date "2016.06.04"]
[Round "7"]
[White "muhit"]
[Black "ROWLAND"]
[Result "0-1"]
[ICCResult "White checkmated"]
[WhiteElo "1791"]
[BlackElo "1584"]
[Opening "Philidor's defense"]
[ECO "C41"]
[NIC "KP.10"]
[Time "15:10:29"]
[TimeControl "180+0"]

1. e4 e5 2. Nf3 d6 3. Bc4 Be7 4. d4 Nc6 5. c3 Nf6 6. Nbd2 O-O 7. O-O h6 8.
Qe2 a5 9. a4 Nh7 10. b3 Bg4 11. Qd3 Ng5 12. Ne1 Qd7 13. f3 Bh5 14. Nb1 Kh8
15. Na3 f5 16. Nec2 f4 17. Bb2 Rf6 18. Rad1 Raf8 19. Bb5 Rg6 20. d5 Nh3+ 21.
Kh1 Qe8 22. Nc4 Bd8 23. Nxa5 Qe7 24. dxc6 bxc6 25. Nxc6 Qg5 26. Qe2 Qh4 27.
a5 Ng5 28. Ne1 Nxe4 29. Qxe4 Rg3 30. Bd3 Bg6 31. Qe2 Bxd3 32. Rxd3 Rf6 33.
Nxd8 Rf5 34. Ne6 Rh5 35. Kg1 Qxh2+ 36. Kf2 Qh4 37. Rh1 Rh3+ 38. Kg1 Rxh1#
{White checkmated}
0-1

[Event "ICCopen2016"]
[Site "Internet Chess Club"]
[Date "2016.06.04"]
[Round "7"]
[White "Antidrome"]
[Black "fviana"]
[Result "1-0"]
[ICCResult "Black checkmated"]
[WhiteElo "2613"]
[BlackElo "2199"]
[Opening "Trompowsky attack (Ruth, Opocenský opening)"]
[ECO "A45"]
[NIC "QP.07"]
[Time "15:10:00"]
[TimeControl "180+0"]

1. d4 Nf6 2. Bg5 d5 3. e3 Bf5 4. Bxf6 gxf6 5. c4 dxc4 6. Bxc4 e6 7. Nc3 c6
8. Nge2 Nd7 9. Ng3 Bg6 10. O-O f5 11. Qb3 Nb6 12. Bd3 Bg7 13. a4 a5 14. Nge2
O-O 15. Nf4 Rb8 16. Rad1 Bh6 17. Bb1 Qc7 18. g3 Nd7 19. Rc1 Nf6 20. Rfd1
Rfd8 21. Qa3 Bf8 22. Qb3 Nh5 23. Qc4 Nxf4 24. exf4 Bh5 25. Re1 Bf3 26. Qd3
Bd5 27. Re5 Qb6 28. Nxd5 Rxd5 29. Rxd5 cxd5 30. g4 Bg7 31. Rd1 fxg4 32.
Qxh7+ Kf8 33. f5 exf5 34. Qxf5 Qxb2 35. Qxg4 Re8 36. Qf4 Qb4 37. Bg6 Qe7 38.
Bh5 Qf6 39. Qxf6 Bxf6 40. Bf3 Rd8 41. Kf1 Be7 42. Ke2 Bb4 43. Kd3 Ke7 44.
Rh1 Kd6 45. h4 Rh8 46. h5 Rh6 47. Rg1 Rf6 48. Rg3 Be1 49. Ke2 Bc3 50. Rg5
Bxd4 51. Rxd5+ Ke6 52. Rxd4 Ke5 53. Re4+ Kf5 54. Rc4 Rh6 55. Rc5+ Kf4 56.
Rxa5 b6 57. Rb5 Re6+ 58. Kf1 Kxf3 59. h6 Rxh6 60. Rb3+ Ke4 61. Ke2 Kd5 62.
Rb4 Re6+ 63. Kf3 Kc5 64. Rf4 Rd6 65. Rf5+ Rd5 66. Rf4 Rd3+ 67. Kg4 Ra3 68.
Rxf7 Kc6 69. Rf5 Kb7 70. Kg5 Ka6 71. Rf6 Ra2 72. Rf5 Ra1 73. Kg6 Rg1+ 74.
Kf7 Rf1 75. Kf6 Rd1 76. f4 Rd7 77. Rg5 Rb7 78. Kg6 Rb8 79. f5 Rd8 80. f6
Rg8+ 81. Kf5 Re8 82. f7 Rc8 83. Kf6 Rc5 84. Rg8 Rc6+ 85. Ke7 Rc5 86. Kd6 Rc7
87. f8=Q Rc5 88. Qa8# {Black checkmated} 1-0

[Event "ICCopen2016"]
[Site "Internet Chess Club"]
[Date "2016.06.04"]
[Round "7"]
[White "Desideratum"]
[Black "HeyBooBooULose"]
[Result "1-0"]
[ICCResult "Black checkmated"]
[WhiteElo "1644"]
[BlackElo "1342"]
[Opening "Bishop's opening: Classical variation"]
[ECO "C23"]
[NIC "IG.04"]
[Time "15:10:14"]
[TimeControl "180+0"]

1. e4 e5 2. Bc4 Bc5 3. Qh5 Qe7 4. Nf3 Nf6 5. Qxe5 Bxf2+ 6. Kf1 Bc5 7. d3 O-O
8. Nc3 d6 9. Qxe7 d5 10. Nxd5 Bxe7 11. Nxe7+ Kh8 12. h3 Nc6 13. Nxc6 bxc6
14. Bg5 Nd7 15. Kf2 Nb6 16. Bb3 h6 17. Bf4 Be6 18. Bxc7 Rac8 19. Bxb6 axb6
20. Bxe6 fxe6 21. Ke3 Rf6 22. Rhf1 Rg6 23. g4 h5 24. Nh4 Rg5 25. Kf4 Rb5 26.
Ng6+ Kh7 27. gxh5 Rxb2 28. Kg5 Rxc2 29. Nf8+ Kg8 30. Nxe6 Rg2+ 31. Kh4 Re8
32. Nf4 Rd2 33. a4 c5 34. Rab1 c4 35. Rxb6 c3 36. Rc1 c2 37. Rc6 g5+ 38.
hxg6 Rf8 39. Ne6 Rff2 40. g7 Kf7 41. Rc7+ Kxe6 42. g8=Q+ Ke5 43. Qd5+ Kf4
44. Rf7+ Ke3 45. Qc5+ Ke2 46. Qxf2+ Kxd3 47. Qf1+ Kxe4 48. Re7+ Kd5 49. Rd7+
Kc6 50. Rxd2 Kb6 51. Rcxc2 Ka5 52. Qf5+ Kxa4 53. Rd4+ Kb3 54. Re2 Kc3 55.
Qd3# {Black checkmated} 1-0

[Event "ICCopen2016"]
[Site "Internet Chess Club"]
[Date "2016.06.04"]
[Round "7"]
[White "HungryFarseer"]
[Black "Chaos23"]
[Result "1-0"]
[ICCResult "Black checkmated"]
[WhiteElo "1778"]
[BlackElo "1914"]
[Opening "Benoni: classical, 9...Re8"]
[ECO "A76"]
[NIC "BI.17"]
[Time "15:10:11"]
[TimeControl "180+0"]

1. d4 Nf6 2. c4 c5 3. d5 e6 4. Nc3 exd5 5. cxd5 d6 6. e4 g6 7. Nf3 Bg7 8.
Be2 O-O 9. O-O Re8 10. Qc2 Na6 11. Bf4 Nh5 12. Bg5 f6 13. Be3 f5 14. exf5
Bxf5 15. Qb3 Rb8 16. Nh4 Qxh4 17. g3 Qe7 18. g4 Qh4 19. gxh5 Be5 20. f4 Bf6
21. Bf2 Qxf4 22. hxg6 Bh3 23. Ne4 Bxf1 24. Nxf6+ Qxf6 25. Bxf1 Qxg6+ 26. Bg2
Re5 27. Bg3 Re7 28. Rf1 Rf8 29. Rxf8+ Kxf8 30. Qf3+ Kg8 31. Bh3 Qb1+ 32. Kg2
Qxb2+ 33. Bf2 Rg7+ 34. Kf1 Qc1+ 35. Be1 Qc4+ 36. Kf2 Qd4+ 37. Ke2 Re7+ 38.
Be6+ Kg7 39. Bc3 Nb4 40. Bxd4+ cxd4 41. Qg3+ Kf6 42. Qxd6 Rxe6+ 43. Qxe6+
Kg5 44. d6 Nd3 45. Kxd3 Kf4 46. Qd5 Kg4 47. Qxd4+ Kh3 48. d7 Kxh2 49. d8=Q
Kg3 50. Q8h4+ Kg2 51. Qdf4 Kg1 52. Qff2# {Black checkmated} 1-0

[Event "ICCopen2016"]
[Site "Internet Chess Club"]
[Date "2016.06.04"]
[Round "7"]
[White "depressnyak"]
[Black "Imperator15"]
[Result "1/2-1/2"]
[ICCResult "White ran out of time and Black has no material to mate"]
[WhiteElo "3128"]
[BlackElo "2879"]
[Opening "Caro-Kann: exchange variation"]
[ECO "B13"]
[NIC "CK.02"]
[Time "15:10:00"]
[TimeControl "180+0"]

1. e4 c6 2. d4 d5 3. exd5 cxd5 4. Nf3 Nf6 5. Ne5 g6 6. Bd3 Bg7 7. Nd2 O-O 8.
O-O Nc6 9. Ndf3 Bf5 10. Bxf5 gxf5 11. Nd3 Ne4 12. c3 e6 13. Nf4 Kh8 14. Ne1
Rg8 15. f3 Nd6 16. Ned3 b6 17. Qe2 Bf6 18. Be3 Bg5 19. Rae1 Qf6 20. Bf2 Qh6
21. Bg3 Ne8 22. Nh3 Bf6 23. Qe3 Qxe3+ 24. Rxe3 Rd8 25. Nhf4 Bg5 26. Re2 Nd6
27. Nh5 h6 28. Ne5 Nxe5 29. Bxe5+ Kh7 30. Bf6 Rc8 31. h4 Kg6 32. hxg5 Kxh5
33. gxh6 Kxh6 34. Kf2 Kg6 35. Be5 Nc4 36. Bf4 b5 37. b3 Nb6 38. Re3 Rc6 39.
Rh1 Kf6 40. Rh6+ Ke7 41. Bg3 b4 42. Bh4+ Ke8 43. cxb4 Rc2+ 44. Re2 Rxg2+ 45.
Kxg2 Rxe2+ 46. Kg3 Rxa2 47. Rh8+ Kd7 48. Rf8 Ra3 49. Rxf7+ Kd6 50. Be7+ Kd7
51. Bc5+ Ke8 52. Re7+ Kd8 53. Rxe6 Rxb3 54. Bxb6+ axb6 55. Rxb6 Kc7 56. Rb5
Kc6 57. Rc5+ Kd6 58. b5 Rb4 59. Rc6+ Kd7 60. Kf4 Rxd4+ 61. Ke5 Rb4 62. Rd6+
Ke7 63. Rxd5 f4 64. Kf5 Rb3 65. Kxf4 Ke6 66. Re5+ Kd6 67. Rh5 Rb4+ 68. Kg3
Rb3 69. Kg4 Rb2 70. f4 Rg2+ 71. Kf5 Rb2 72. Rh6+ Ke7 73. b6 Kf8 74. Rf6+ Ke7
75. Rc6 Kd7 76. Rc7+ Kd6 77. Rh7 Rb5+ 78. Kg4 Rb4 79. b7 Kc6 80. Kg5 Kb6 81.
f5 Ka7 82. Kg6 Rb5 83. f6 Rb1 84. f7 Rb6+ 85. Kg7 Rxb7 86. Kg8 Rb6 87. f8=Q+
Ka6 88. Rh6 Ka5 89. Rxb6 Kxb6 90. Qd6+ Kb5 91. Qe5+ Kc4 92. Qe4+ Kb3 93. Qg2
Kc3 94. Qg4 Kb3 {White ran out of time and Black has no material to mate}
1/2-1/2

[Event "ICCopen2016"]
[Site "Internet Chess Club"]
[Date "2016.06.04"]
[Round "7"]
[White "DrOussedik"]
[Black "Fighterman"]
[Result "1/2-1/2"]
[ICCResult "Black ran out of time and White has no material to mate"]
[WhiteElo "2151"]
[BlackElo "2565"]
[Opening "Grünfeld: exchange variation"]
[ECO "D85"]
[NIC "GI.04"]
[Time "15:10:14"]
[TimeControl "180+0"]

1. d4 Nf6 2. c4 g6 3. Nc3 d5 4. cxd5 Nxd5 5. e4 Nxc3 6. bxc3 Bg7 7. Be3 c5
8. Qd2 Qa5 9. Rc1 O-O 10. Nf3 Rd8 11. Be2 Bg4 12. d5 Bxf3 13. Bxf3 e6 14. c4
Qxd2+ 15. Kxd2 Na6 16. Rhd1 Bd4 17. Bxd4 cxd4 18. e5 Nc5 19. Ke2 d3+ 20. Ke3
Rac8 21. d6 f6 22. exf6 Rxd6 23. Be4 Rf8 24. Bxd3 Rxf6 25. f3 Rf7 26. Be4
Rfd7 27. Rxd6 Rxd6 28. Rc2 b6 29. h4 Kg7 30. Rb2 h6 31. Rc2 Kf6 32. Rb2 Rd7
33. Rc2 Rd1 34. Ke2 Rd4 35. Ke3 e5 36. Bd5 Rd3+ 37. Ke2 Ra3 38. Be4 g5 39.
hxg5+ hxg5 40. Rd2 Nxe4 41. fxe4 g4 42. Rd6+ Kg5 43. Rd2 Kf4 44. Kf2 g3+ 45.
Ke2 Kxe4 46. Rc2 Kd4 47. Kd2 Rd3+ 48. Ke2 Rc3 49. Rd2+ Kxc4 50. Rd8 Ra3 51.
Rc8+ Kb4 52. Rc2 b5 53. Rb2+ Kc4 54. Rc2+ Rc3 55. Rb2 a5 56. Rb1 b4 57. Rd1
a4 58. Rd8 Rc2+ 59. Kf3 Rxa2 60. Kg4 Kb3 61. Rc8 Rxg2 62. Rd8 Rc2 63. Kh3
Rc3 64. Rc8 a3 65. Rd8 a2 66. Rb8 a1=Q 67. Rf8 Qh1+ 68. Kg4 g2 69. Kg5 Qh3
70. Kf6 Qg3 71. Ke7 Qf3 72. Rf7 Qxf7+ 73. Kxf7 e4 74. Ke7 Rc6 75. Kd7 Rb6
76. Kc7 Rh6 77. Kd8 g1=Q 78. Ke7
{Black ran out of time and White has no material to mate}
1/2-1/2

[Event "ICCopen2016"]
[Site "Internet Chess Club"]
[Date "2016.06.04"]
[Round "7"]
[White "BigCol"]
[Black "Chapo2"]
[Result "1/2-1/2"]
[ICCResult "Black stalemated"]
[WhiteElo "1760"]
[BlackElo "1972"]
[Opening "Queen's pawn"]
[ECO "A40"]
[NIC "QO.17"]
[Time "15:10:37"]
[TimeControl "180+0"]

1. d4 e6 2. Nf3 d5 3. Bf4 Bd6 4. Ne5 f5 5. e3 Nf6 6. Nd2 O-O 7. Bd3 Qe7 8.
O-O Nbd7 9. Ndf3 a5 10. c3 c6 11. Qc2 Ne4 12. Rae1 Bxe5 13. Nxe5 g5 14. Bg3
Nxg3 15. hxg3 Nxe5 16. dxe5 Bd7 17. f4 gxf4 18. exf4 Kh8 19. Kf2 Qc5+ 20.
Re3 Rg8 21. Rh1 Rxg3 22. Re1 Rag8 23. Bf1 Rxe3 24. Rxe3 d4 25. Rd3 dxc3+ 26.
Ke1 cxb2 27. Qxc5 b1=Q+ 28. Rd1 Qe4+ 29. Kf2 Qxf4+ 30. Kg1 Be8 31. Qe7 Qxe5
32. Rd8 Qe3+ 33. Kh1 Qh6+ 34. Kg1 Qe3+ 35. Kh1 Qg5 36. Rxe8 Qxe7 37. Rxe7
Rg6 38. Rxb7 e5 39. Rc7 h5 40. Kg1 h4 41. Kf2 e4 42. Be2 Rg3 43. Rxc6 Ra3
44. Rc5 Rxa2 45. Rxf5 Kg7 46. Rh5 Kf6 47. Rxh4 Ke5 48. g4 Kd4 49. g5 Ke5 50.
Rg4 Kf5 51. Rg2 Kg6 52. Ke3 Ra3+ 53. Kxe4 Ra4+ 54. Ke3 Ra3+ 55. Bd3+ Kg7 56.
Rg4 Ra4 57. Rxa4 Kf7 58. Rxa5 Kg7 59. Ra6 Kf7 60. g6+ Kg7 61. Kf4 Kh6 62.
Kf5 Kg7 63. Ra7+ Kh6 64. Kf6 Kh5 65. g7 Kg4 66. g8=Q+ Kf4 67. Qg5+ Kf3 68.
Ra4 Kf2 69. Bg6 Ke1 70. Qe3+ Kd1 71. Ra2 {Black stalemated} 1/2-1/2

[Event "ICCopen2016"]
[Site "Internet Chess Club"]
[Date "2016.06.04"]
[Round "7"]
[White "Rammstein"]
[Black "MrGioMu"]
[Result "1-0"]
[ICCResult "Black forfeits on time"]
[WhiteElo "2141"]
[BlackElo "1856"]
[Opening "English opening"]
[ECO "A10"]
[NIC "EO.64"]
[Time "15:10:37"]
[TimeControl "180+0"]

1. c4 g6 2. g3 Bg7 3. Bg2 c5 4. e4 Nc6 5. Ne2 e5 6. O-O Nge7 7. Nbc3 O-O 8.
a3 h6 9. Rb1 d6 10. b4 b6 11. d3 Be6 12. Nd5 Kh7 13. Be3 Qd7 14. Qd2 f5 15.
f4 Nd4 16. Nec3 fxe4 17. dxe4 exf4 18. Nxf4 Bxc4 19. Rf2 Nec6 20. Bh3 Qe7
21. Re1 Rae8 22. Ncd5 Qxe4 23. Bg2 Qc2 24. Qxc2 Nxc2 25. Rxc2 Rxe3 26. Nxe3
Bb5 27. Be4 Ne7 28. Rd2 Bd4 29. Kg2 Rf6 30. h4 Kg7 31. bxc5 bxc5 32. Nc2 Be5
33. Nd3 Bc3 34. Rde2 Bxe1 35. Rxe1 Bxd3 36. Bxd3 Nd5 37. Bc4 Nb6 38. Ba2 d5
39. Ne3 c4 40. Rd1 Rd6 41. Bxc4 Nxc4 42. Nxc4 Rd7 43. Ne5
{Black forfeits on time}
1-0

[Event "ICCopen2016"]
[Site "Internet Chess Club"]
[Date "2016.06.04"]
[Round "7"]
[White "kfactor"]
[Black "Elcid"]
[Result "1-0"]
[ICCResult "Black forfeits on time"]
[WhiteElo "1384"]
[BlackElo "1126"]
[Opening "French defense"]
[ECO "C00"]
[NIC "FR.01"]
[Time "15:11:14"]
[TimeControl "180+0"]

1. e4 e6 2. f3 d5 3. d3 dxe4 4. fxe4 c5 5. g3 Nc6 6. h4 Bd7 7. Qe2 Nf6 8.
Qg2 g6 9. Be2 Bg7 10. Bd1 O-O 11. Nh3 Re8 12. Ng5 Ne5 13. Nc3 a6 14. Bf4 Nh5
15. Bd2 Qc7 16. g4 Nf6 17. h5 Rad8 18. hxg6 fxg6 19. Bf4 Bc6 20. Qh2 Nfd7
21. Qxh7+ Kf8 22. Rf1 Bf6 23. Bxe5 Nxe5 24. Qxc7 Rd7 25. Rxf6+ Kg7 26. Rf7+
Nxf7 27. Qf4 Rf8 28. Nxf7 Rdxf7 29. Qe5+ Kg8 30. Be2 Bd7 31. O-O-O b5 32.
Rh1 Rg7 33. b3 Rh7 34. Rxh7 Kxh7 35. Kb2 Rf2 36. g5 {Black forfeits on time}
1-0